 Dungeon Crawl Stone Soup version 0.31-a0-369-g8eba5f6939 (webtiles) character file.

Game seed: 11969113745756368540

2172 Midn8 the Destroyer (level 9, -11/68 HPs)
             Began as a Demonspawn Conjurer on July 28, 2023.
             Was a Believer of Vehumet.
             Shot with a sling bullet by Joseph (17 damage)
             ... on level 7 of the Dungeon.
             The game lasted 00:19:16 (7473 turns).

Midn8 the Destroyer (Demonspawn Conjurer)           Turns: 7473, Time: 00:19:16

Health: -11/68     AC:  5    Str:  8    XL:     9   Next: 11%
Magic:  4/15       EV: 12    Int: 24    God:    Vehumet [**....]
Gold:   510        SH:  0    Dex: 17    Spells: 9/16 levels left

rFire   . . .        e - +0 dagger
rCold   . . .        (no shield)
rNeg    . . .        r - +2 robe {Will+}
rPois   .            (no helmet)
rElec   .            F - +0 cloak
rCorr   .            (gloves unavailable)
SInv    .            (no boots)
Will    +....        (no amulet)
Stlth   ++           h - +6 ring of dexterity
HPRegen 0.31/turn    (no ring)
MPRegen 0.14/turn

%: no passive effects
@: about to teleport
A: demonic guardian 1, spiny 2, demonic touch 3
a: Renounce Religion


You were on level 7 of the Dungeon.
You worshipped Vehumet.
Vehumet was pleased with you.
You visited 1 branch of the dungeon, and saw 7 of its levels.
You also visited: Sewer and Ossuary.

You collected 533 gold pieces.
You spent 23 gold pieces at shops.

Inventory:

Hand Weapons
 e - a +0 dagger (weapon)
Missiles
 a - 5 atropa-tipped darts
 l - 8 boomerangs
 n - a throwing net
 w - 5 datura-tipped darts
 J - 4 poisoned darts
Armour
 g - a +0 pair of gloves
 r - a +2 robe of willpower (worn)
 A - the +1 leather armour "Nuppym" {Fly rPois}
   (You found it on level 6 of the Dungeon)

   rPois:     It protects you from poison.
   Fly:       It grants you flight.
 F - a +0 cloak (worn)
Jewellery
 h - a +6 ring of dexterity (left hand)
Talismans
 p - a beast talisman
Wands
 G - a wand of flame (12)
 K - a wand of charming (2)
Scrolls
 c - 2 scrolls of teleportation
 d - a scroll of enchant armour
 f - 4 scrolls of revelation
 k - a scroll of summoning
 o - a scroll of vulnerability
 q - a scroll of blinking
 s - a scroll of torment
 t - 3 scrolls of acquirement
 u - a scroll of poison
 v - a scroll of fear
 y - 2 scrolls of amnesia {unknown}
 E - a scroll of identify
 I - a scroll of enchant weapon {unknown}
Potions
 b - a potion of magic
 i - 3 potions of ambrosia
 j - 4 potions of lignification
 m - 6 potions of curing
 x - 3 potions of degeneration
 z - a potion of berserk rage
 B - 5 potions of attraction {unknown}
 C - 5 potions of heal wounds {unknown}
 D - 4 potions of might {unknown}
 H - 3 potions of enlightenment {unknown}


   Skills:
 - Level 5.0 Fighting
 + Level 2.0 Short Blades
 - Level 1.7 Dodging
 - Level 1.7 Stealth
 - Level 4.0 Spellcasting
 - Level 8.0 Conjurations
 - Level 7.0 Hexes


You had 9 spell levels left.
You knew the following spells:

 Your Spells              Type           Power      Damage    Failure   Level
a - Magic Dart            Conj           100%       1d8       1%          1
f - Fulminant Prism       Conj/Hex       20%        3d12      4%          4
s - Searing Ray           Conj           86%        2d7       1%          2

Your spell library contained the following spells:

 Spells                   Type           Power      Damage    Failure   Level
 Scorch                   Fire           8%         2d5       14%         2
 Dazzling Flash           Conj/Hex       80%        N/A       1%          3
 Inner Flame              Hex/Fire       21%        N/A       7%          3
 Flame Wave               Conj/Fire      24%        2d8       19%         4
 Iskenderun's Mystic Bla  Conj/Tloc      24%        2d7       19%         4
 Sticky Flame             Conj/Fire      24%        2d5       19%         4


Dungeon Overview and Level Annotations

Branches:
Dungeon (7/15)             Temple (0/1) D:7           Sewer (visited)
Ossuary (visited)

Altars:
Fedhas
Makhleb
Okawaru
Qazlal
Sif Muna
Vehumet
Wu Jian

Shops:
D:2 *   D:5 (

Annotations:
D:7 Joseph


Innate Abilities, Weirdness & Mutations

A weak demonic guardian rushes to your aid.
You are mostly covered in sharp spines.
Your touch may irresistibly damage your foes and sap their willpower.


Message History

Casting: Fulminant Prism (dangerous; 4% risk of failure)
Confirm with . or Enter, or press ? or * to list all spells.
Aiming: Fulminant Prism (dangerous; 4% risk of failure)
Press: ? - help, Dir - move target You conjure a prism of explosive energy!
A fulminant prism comes into view.
Your fulminant prism crackles loudly.
Unknown command.
Joseph shoots a sling bullet.
The sling bullet hits you! The sling bullet burns you.
Your fulminant prism explodes!
The blast of energy engulfs Joseph.
Joseph is heavily wounded.
Joseph shoots a sling bullet.
The sling bullet closely misses you.
You see here a +0 shortbow.
You start resting.
Joseph is nearby!
Casting: Fulminant Prism (dangerous; 4% risk of failure)
Confirm with . or Enter, or press ? or * to list all spells.
Aiming: Fulminant Prism (dangerous; 4% risk of failure)
Press: ? - help, Dir - move target You conjure a prism of explosive energy!
A fulminant prism comes into view.
Joseph shoots a sling bullet.
The sling bullet hits you. The sling bullet burns you.
Unknown command.
You hear a loud crackle.
You hear an explosion!
Joseph shoots a sling bullet.
The sling bullet hits you! The sling bullet burns you.
As you read the scroll of teleportation, it crumbles to dust.
You feel strangely unstable.
Joseph shoots a sling bullet.
The sling bullet hits you! The sling bullet burns you!
Joseph shoots a sling bullet.
The sling bullet hits you!
* * * LOW HITPOINT WARNING * * *
A demonic guardian appears!
The sling bullet burns you.
* * * LOW HITPOINT WARNING * * *
You swap places.
Found 8 gold pieces.
Joseph shoots a sling bullet.
The sling bullet hits you!
You die...

#.. #...#...#...#...#...#.#.
#####.. #...#####...#...#####...
.#...#.. #...#...#...#...# #...
#.... #.###.#.....#.###.#.....#..
##...###..b###?..###@..###...###.
.####......C..###.......##### ..
...C........................ ...
##########.####5#.#########. ##.
#.# #.@....... .. #.# ###.#####$
#. #.# #.# . #C# #.# ### #.# #.#
#.# #.# #.# #.# #.# .# #.# #.# .#
#.# #.#


You could see Joseph (ally target), a cyclops and a friendly shadow imp
(summoned).

Vanquished Creatures
  Sigmund (D:2)
  A water moccasin (D:4)
  An ice beast (D:7)
  An ogre (D:4)
  A centaur (D:7)
  A scorpion (D:5)
  10 wights
  3 howler monkeys
  A hound (D:4)
  2 jellies
  6 orc priests
  Jessica (D:2)
  3 orc wizards
  2 sleepcaps
  Terence (D:2)
  An iguana (D:6)
  8 mummies (Ossuary)
  19 adders
  A gnoll (D:1)
  4 river rats
  A shadow imp (D:4)
  3 ufetubi
  4 worms
  2 dart slugs
  18 orcs
  8 ball pythons
  4 endoplasms
  6 giant cockroaches
  2 gnoll zombies (Ossuary)
  12 goblins
  9 hobgoblins
  6 jackals
  4 quokkas
  11 bats
  18 frilled lizards
  A goblin zombie (D:7)
  2 hobgoblin zombies (Ossuary)
  5 kobolds
  3 kobold zombies (Ossuary)
  An orc zombie (Ossuary)
  9 rats
  A rat zombie (D:7)
198 creatures vanquished.

Vanquished Creatures (collateral kills)
  An orc (D:3)
  An endoplasm (D:2)
2 creatures vanquished.

Vanquished Creatures (others)
  11 fulminant prisms
11 creatures vanquished.

Grand Total: 211 creatures vanquished

Notes
Turn   | Place    | Note
-------+----------+-------------------------------------------
     0 | D:1      | Midn8 the Demonspawn Conjurer began the quest for the Orb.
     0 | D:1      | Reached XP level 1. HP: 13/13 MP: 3/3
   173 | D:1      | Gained mutation: You are partially covered in sharp spines.
                  | [demonic ancestry]
   173 | D:1      | Reached XP level 2. HP: 11/19 MP: 0/5
   226 | D:1      | Learned a level 2 spell: Searing Ray
   558 | D:1      | Gained mutation: Your touch may inflict minor irresistible
                  | damage on your foes. [demonic ancestry]
   558 | D:1      | Reached XP level 3. HP: 24/24 MP: 2/7
  1530 | D:2      | Noticed Terence
  1546 | D:2      | Killed Terence
  1547 | D:2      | Reached XP level 4. HP: 29/30 MP: 0/10
  1874 | D:2      | Noticed Jessica
  1877 | D:2      | Killed Jessica
  1878 | D:2      | Reached skill level 5 in Conjurations
  1878 | D:2      | Gained mutation: A weak demonic guardian rushes to your
                  | aid. [demonic ancestry]
  1878 | D:2      | Reached XP level 5. HP: 35/35 MP: 6/11
  1888 | D:2      | Found a transporter.
  1912 | D:2      | Found Zuets's Assorted Antiques.
  2167 | D:2      | Noticed Sigmund
  2174 | D:2      | Killed Sigmund
  2175 | D:2      | Reached skill level 6 in Conjurations
  2175 | D:2      | Gained mutation: Your touch may inflict irresistible damage
                  | on your foes. [demonic ancestry]
  2175 | D:2      | Reached XP level 6. HP: 29/41 MP: 2/12
  2180 | D:2      | Learned a level 4 spell: Fulminant Prism
  2276 | D:2      | Found a transporter.
  2330 | D:2      | Bought a scroll labelled WIAT UFRONUP for 23 gold pieces
  2455 | D:2      | Identified the +2 robe "Gaeppur" {+Blink rF+++ Str+5 Int-4}
  3142 | D:4      | Reached skill level 1 in Hexes
  3238 | D:4      | Noticed a water moccasin
  3272 | D:4      | Killed a water moccasin
  3273 | D:4      | Reached XP level 7. HP: 32/46 MP: 3/13
  3935 | D:4      | Reached skill level 5 in Hexes
  3984 | D:4      | Found a shimmering blue altar of Sif Muna.
  4078 | D:5      | Entered Level 5 of the Dungeon
  4428 | D:5      | Identified the +2 robe of Julullidesa {rElec Int+3 Dex-5
                  | Stlth+}
  4579 | D:5      | Found Wyga's Weapon Emporium.
  4606 | D:5      | Found a radiant altar of Vehumet.
  4679 | D:5      | Became a worshipper of Vehumet
  5187 | D:6      | Found a glowing drain.
  5198 | D:6      | Gained mutation: You are mostly covered in sharp spines.
                  | [demonic ancestry]
  5198 | D:6      | Reached XP level 8. HP: 52/52 MP: 10/14
  5221 | D:6      | Identified the +1 leather armour "Nuppym" {Fly rPois}
  5264 | Sewer    | Entered a sewer
  5265 | Sewer    | Identified a scroll of acquirement
  5743 | D:6      | Reached skill level 1 in Fighting
  5842 | D:6      | Reached * piety under Vehumet
  5842 | D:6      | Offered knowledge of Kiss of Death by Vehumet.
  5981 | D:6      | Found an iron altar of Okawaru.
  5995 | D:6      | Found an ornate altar of the Wu Jian Council.
  5997 | D:6      | Found a stormy altar of Qazlal.
  6063 | D:6      | Found a burning altar of Makhleb.
  6066 | D:6      | Found a blossoming altar of Fedhas.
  6503 | D:7      | Reached skill level 7 in Conjurations
  6546 | D:7      | Noticed a cyclops
  6646 | D:7      | Reached skill level 8 in Conjurations
  6802 | D:7      | Gained mutation: Your touch may irresistibly damage your
                  | foes and sap their willpower. [demonic ancestry]
  6802 | D:7      | Reached XP level 9. HP: 59/67 MP: 11/15
  6808 | D:7      | Found a staircase to the Ecumenical Temple.
  6812 | D:7      | Found a sand-covered staircase.
  6824 | Ossuary  | Entered an ossuary
  6845 | Ossuary  | Reached skill level 5 in Fighting
  6881 | Ossuary  | Reached ** piety under Vehumet
  6926 | Ossuary  | Offered knowledge of Scorch by Vehumet.
  6927 | Ossuary  | Reached skill level 1 in Short Blades
  7401 | D:7      | Noticed Joseph
  7473 | D:7      | Shot with a sling bullet by Joseph

Illustrated notes

Levels and vault maps discovered:
D:1:      minmay_arrival_statue_studded, layout_loops_corners,
          minmay_lizard_king
D:2:      layout_basic, serial_shops, nicolae_shop_drivethru, minmay_distorted,
          uniq_terence, uniq_sigmund, uniq_jessica
D:3:      layout_rooms
D:4:      layout_rooms, kennysheep_mini
D:5:      layout_loops_corners, dreamdust_divine_triumvirate,
          mainiacjoe_overflow_cross_hatched, serial_shops, shop, nicolae_titane
D:6:      layout_loops_cross, nicolae_overflow_hidden_temple,
          portal_sewer_entry_a
D:7:      nicolae_cairo_tiling, layout_basic, minmay_temple_entry_butterflies,
          enter_ossuary_4, uniq_joseph

Skill      XL: |  1  2  3  4  5  6  7  8  9 |
---------------+----------------------------+-----
Spellcasting   | 3 4 |  4.0
Conjurations   | 5 6 8 |  8.0
Hexes          | 3 6 7 |  7.0
Fighting       | 4 5 |  5.0
Short Blades   | 2 |  2.0
Dodging        | |  1.7
Stealth        | |  1.7

Action                     |  1- 3 |  4- 6 |  7- 9 || total
---------------------------+-------+-------+-------++-------
  Melee: Dagger            |    52 |    38 |   127 ||   217
         Punch             |     1 |       |     2 ||     3
         Touch             |     2 |     5 |    34 ||    41
   Cast: Magic Dart        |    36 |    30 |    37 ||   103
         Searing Ray       |     3 |    12 |    29 ||    44
         Fulminant Prism   |       |       |    11 ||    11
    Use: Scroll            |       |     8 |     8 ||    16
         Potion            |       |     1 |       ||     1
   Stab: Sleeping          |     2 |     3 |     2 ||     7
 Armour: Robe              |     6 |    11 |    32 ||    49
         Ring mail         |       |     1 |       ||     1
  Dodge: Dodged            |    31 |    16 |    63 ||   110

Table legend: (Time is in decaauts)
 A = Elapsed time spent in this place.
 B = Non-inter-level travel time spent in this place.
 C = Inter-level travel time spent in this place.
 D = Time resting spent in this place.
 E = Time spent auto-exploring this place.
 F = Levels seen in this place.
 G = Mean time per level.
                   A        B        C        D        E       F      G
               +--------+--------+--------+--------+--------+-----+--------+
         Total |   7521 |   7206 |    315 |   2093 |   3669 |   9 |  835.7 |
       Dungeon |   6755 |   6440 |    315 |   1897 |   3386 |   7 |  965.0 |
         Sewer |    476 |    476 |      0 |    123 |    204 |   1 |  476.0 |
       Ossuary |    289 |    289 |      0 |     73 |     78 |   1 |  289.0 |
               +--------+--------+--------+--------+--------+-----+--------+

Top non-repeatable levels by time:
     D:1: 1388 daAuts
     D:2: 1082 daAuts
     D:5: 1051 daAuts
     D:6: 962 daAuts
     D:4: 852 daAuts
     D:3: 754 daAuts
     D:7: 663 daAuts
   Sewer: 476 daAuts
 Ossuary: 289 daAuts
